 Dungeon Crawl Stone Soup version 0.26-a0-1147-g3780a7a11b (webtiles) character file.

Game seed: 12039947080610978912

4907 night the Grappler (level 10, -10/88 HPs)
             Began as a Troll Fighter on Dec 22, 2020.
             Was a Priest of Zin.
             Mangled by Grum
             ... wielding a +1 spear
              (12 damage)
             ... on level 9 of the Dungeon.
             The game lasted 00:13:46 (6416 turns).

night the Grappler (Troll Fighter)                  Turns: 6416, Time: 00:13:47

Health: -10/88     AC:  9    Str: 33    XL:     10   Next: 27%
Magic:  9/9        EV: 10    Int:  6    God:    Zin [***...]
Gold:   308        SH: 11    Dex:  9    Spells: 9/9 levels left

rFire    + . .     SeeInvis .     - Unarmed
rCold    . . .     Faith    .   b - +0 kite shield
rNeg     . . .     Spirit   .   a - +0 robe
rPois    .         Reflect  .   (helmet restricted)
rElec    .         Harm     .   A - +2 cloak
rCorr    .         Rampage  .   (gloves unavailable)
Will     .....                  (boots unavailable)
Stlth    +.........             (no amulet)
HPRegen  0.64/turn              H - +6 ring of strength
MPRegen  0.11/turn              G - ring of protection from fire

@: no status effects
A: large, unfitting armour, claws 3, regeneration 1, shaggy fur 1, tough skin 3
a: Renounce Religion, Recite, Vitalisation, Imprison, Donate Gold


You were on level 9 of the Dungeon.
You worshipped Zin.
Zin was most pleased with you.
You visited 2 branches of the dungeon, and saw 10 of its levels.

You collected 342 gold pieces.
You donated 34 gold pieces to Zin.

Inventory:

Hand Weapons
 B - a +4 vorpal hunting sling
Missiles
 i - 290 stones
 t - 12 boomerangs (quivered)
 w - a throwing net
 C - 41 sling bullets
Armour
 a - a +0 robe (worn)
 b - a +0 kite shield (worn)
 y - the +0 robe of Privacy {Harm +Inv +Fly rC- Dex+6}
   (You found it on level 6 of the Dungeon)

   It affects your dexterity (+6).
   It makes you vulnerable to cold.
   It lets you turn invisible.
   It lets you fly.
   It increases damage dealt and taken.
 A - a +2 cloak (worn)
Jewellery
 z - an uncursed ring of flight
 G - a ring of protection from fire (right claw)
 H - a +6 ring of strength (left claw)
Wands
 x - a wand of flame (52)
 I - a wand of paralysis (5)
Scrolls
 g - 8 scrolls of teleportation
 h - 8 scrolls of identify
 k - 2 scrolls of fog
 n - 2 scrolls of enchant weapon {unknown}
 o - 2 scrolls of enchant armour {unknown}
 q - a scroll of fear {unknown}
 s - 4 scrolls of remove curse
 u - a scroll of blinking {unknown}
 D - a scroll of noise {unknown}
 F - a scroll of magic mapping {unknown}
Potions
 c - 3 potions of might
 d - a potion of degeneration {unknown}
 e - a potion of magic {unknown}
 f - 2 potions of attraction {unknown}
 j - 6 potions of curing
 l - 2 potions of brilliance {unknown}
 m - a potion of berserk rage {unknown}
 p - 2 potions of lignification
 r - a potion of heal wounds {unknown}
 v - a potion of cancellation {unknown}
 E - a potion of haste {unknown}
 J - 2 potions of invisibility {unknown}


   Skills:
 - Level 2.4 Fighting
 - Level 2.4 Dodging
 + Level 7.7 Shields
 * Level 12.2 Unarmed Combat
 - Level 0.6 Invocations


You had 9 spell levels left.
You didn't know any spells.
Your spell library contained the following spells:

 Spells                   Type           Power        Failure   Level
 Animate Skeleton         Necr           0%           54%         1
 Apportation              Tloc           0%           54%         1
 Corona                   Hex            0%           54%         1
 Summon Small Mammal      Summ           0%           54%         1


Dungeon Overview and Level Annotations

Branches:
Dungeon (9/15)             Temple (1/1) D:4            Lair (0/6) D:8
    Orc: D:9-12

Altars:
Ashenzari
Cheibriados
Dithmenos
Elyvilon
Fedhas
Gozag
Hepliaklqana
Kikubaaqudgha
Makhleb
Nemelex Xobeh
Okawaru
Qazlal
Ru
Sif Muna
Trog
Uskayaw
Vehumet
Wu Jian
Xom
Yredelemnul
Zin
The Shining One

Shops:
D:8 =

Annotations:
D:9 Grum


Innate Abilities, Weirdness & Mutations

You are too large for most types of armour.
You have claws for hands.
Your natural rate of healing is unusually fast.
You are covered in fur. (AC +1)
You have extremely tough skin. (AC +3)


Message History

The wolf bites you but does no damage. The wolf closely misses you.
The wolf bites you! You block Grum's attack.
You scratch the bullfrog skeleton.
The bullfrog skeleton is lightly damaged.
The wolf bites you! The wolf bites you but does no damage.
The bullfrog skeleton hits you. The wolf closely misses you.
The wolf barely misses you. Grum hits you but does no damage.
The wolf bites you. You block the wolf's attack. The wolf bites you.
The wolf barely misses you.
The bullfrog skeleton barely misses you.
Grum hits you from afar with a +1 spear!
* * * LOW HITPOINT WARNING * * *
The wolf bites you.
* * * LOW HITPOINT WARNING * * *
You block the wolf's attack. x2; The wolf bites you!
* * * LOW HITPOINT WARNING * * *
The wolf bites you.
* * * LOW HITPOINT WARNING * * *
Grum hits you from afar with a +1 spear!
You die...

##### #################
...... .................
......###^...##.........#
.........................
..[...................†..
#....####'#########'#####
.######..g.............##.
........hh.............##.
.....##Zh@..##..#########.
### ########..###.....#.
#....#.#...#.
#....#.#...#.
#....#.....#.
#########+###.....#.
................###.
.........#......#...
.........#...##.#...


You could see Grum, 3 wolves and a bullfrog skeleton.

Vanquished Creatures
  A two-headed ogre (D:8)
  Joseph (D:7)
  Sigmund (D:2)
  6 yaks (D:9)
  A water moccasin (D:8)
  Duvessa (D:4)
  A sky beast (D:9)
  3 ice beasts
  A black bear (D:9)
  The ghost of Fjolswid the Skirmisher, an amateur MiCK of Xom (D:3)
  2 orc warriors
  A phantom (D:5)
  4 ogres
  2 centaurs
  3 bullfrogs
  Dowan (D:4)
  A water moccasin skeleton (D:7)
  5 killer bees (D:8)
  A quasit (D:6)
  A hound (D:5)
  3 iguanas
  An orc priest (D:6)
  An iron imp (D:8)
  A bullfrog skeleton (D:7)
  Natasha (thrice) (D:2)
  6 orc wizards
  7 worker ants
  2 hound skeletons
  Robin (D:3)
  3 gnolls (D:4)
  A howler monkey skeleton (D:6)
  11 adders
  2 shadow imps
  A white imp (D:9)
  2 ufetubi (D:6)
  3 adder skeletons
  4 worms
  A dart slug (D:2)
  4 leopard geckos
  12 orcs
  A ball python (D:2)
  10 bats
  6 giant cockroaches
  17 goblins
  5 hobgoblins
  6 kobolds
  3 quokkas
  3 frilled lizards
  A leopard gecko zombie (D:9)
  9 rats
168 creatures vanquished.

Notes
Turn   | Place    | Note
-------+----------+-------------------------------------------
     0 | D:1      | night the Troll Fighter began the quest for the Orb.
     0 | D:1      | Reached XP level 1. HP: 22/22 MP: 0/0
    25 | D:1      | Found a glowing golden altar of the Shining One.
   156 | D:1      | Reached XP level 2. HP: 29/29 MP: 1/1
   451 | D:2      | Noticed Sigmund
   458 | D:2      | Killed Sigmund
   459 | D:2      | Reached skill level 4 in Unarmed Combat
   459 | D:2      | Reached XP level 3. HP: 36/36 MP: 2/2
   459 | D:2      | Reached XP level 4. HP: 44/44 MP: 3/3
   459 | D:2      | Reached XP level 5. HP: 50/50 MP: 4/4
   498 | D:2      | Noticed Natasha
   500 | D:2      | Killed Natasha
   653 | D:2      | Reached skill level 5 in Unarmed Combat
   781 | D:2      | Noticed Natasha
   788 | D:2      | Killed Natasha
  1112 | D:2      | Noticed Natasha
  1122 | D:2      | Killed Natasha
  1123 | D:2      | Reached XP level 6. HP: 44/59 MP: 5/5
  1264 | D:3      | Noticed Robin
  1293 | D:3      | Killed Robin
  1728 | D:3      | Found a runed translucent door.
  1744 | D:3      | Noticed Fjolswid's ghost (amateur MiCK)
  1880 | D:3      | Killed Fjolswid's ghost
  1881 | D:3      | Reached skill level 6 in Unarmed Combat
  2217 | D:4      | Found a staircase to the Ecumenical Temple.
  2228 | Temple   | Entered the Ecumenical Temple
  2245 | Temple   | Became a worshipper of Zin the Law-Giver
  2245 | Temple   | Reached * piety under Zin
  2265 | D:4      | Reached XP level 7. HP: 37/66 MP: 6/6
  2321 | D:4      | Noticed Dowan
  2322 | D:4      | Noticed Duvessa
  2348 | D:4      | Killed Duvessa
  2349 | D:4      | Reached skill level 7 in Unarmed Combat
  2355 | D:4      | Killed Dowan
  2409 | D:4      | Found a shadowy altar of Dithmenos.
  2925 | D:4      | Found a glowing golden altar of the Shining One.
  2977 | D:5      | Entered Level 5 of the Dungeon
  3124 | D:5      | Reached skill level 5 in Shields
  3128 | D:5      | Reached skill level 8 in Unarmed Combat
  3128 | D:5      | Reached XP level 8. HP: 58/74 MP: 7/7
  3977 | D:6      | Reached ** piety under Zin
  4076 | D:6      | Reached skill level 9 in Unarmed Combat
  4104 | D:5      | Found a shadowy altar of Dithmenos.
  4190 | D:6      | Got a smoking robe
  4200 | D:6      | Identified the cursed +0 robe of Privacy {Harm +Inv +Fly
                  | rC- Dex+6} (You found it on level 6 of the Dungeon)
  4600 | D:7      | Noticed Joseph
  4613 | D:7      | Killed Joseph
  4614 | D:7      | Reached skill level 10 in Unarmed Combat
  4614 | D:7      | Reached XP level 9. HP: 36/80 MP: 0/8
  4823 | D:7      | Found an iron altar of Okawaru.
  5295 | D:8      | Noticed a two-headed ogre
  5303 | D:8      | Killed a two-headed ogre
  5304 | D:8      | Reached skill level 11 in Unarmed Combat
  5502 | D:8      | Found a staircase to the Lair.
  5569 | D:8      | Found Pasumiy's Jewellery Emporium.
  5596 | D:8      | Found a shimmering blue altar of Sif Muna.
  5597 | D:8      | Found a shimmering altar of Xom.
  5941 | D:8      | Found a snail-covered altar of Cheibriados.
  6044 | D:9      | Reached XP level 10. HP: 72/88 MP: 9/9
  6116 | D:9      | Reached *** piety under Zin
  6169 | D:9      | Reached skill level 12 in Unarmed Combat
  6307 | D:9      | Found a broken altar of Ashenzari.
  6322 | D:9      | Found a shadowy altar of Dithmenos.
  6401 | D:9      | Noticed Grum
  6416 | D:9      | HP: 13/88 [wolf[Grum] (5)]
  6416 | D:9      | HP: 4/88 [wolf[Grum] (9)]
  6416 | D:9      | Mangled by Grum

Illustrated notes

Levels and vault maps discovered:
D:1:      saegor_arrival_simple_c, layout_rooms, tso_altar
D:2:      layout_loops_corners, uniq_sigmund, uniq_natasha
D:3:      layout_basic, ebering_ghost_reflecting_pool, uniq_robin
D:4:      layout_basic, lemuel_doored_altar, lemuel_crystal_altar,
          minmay_temple_entry_grid, uniq_duvessa
D:5:      lemuel_upstairs_altar, layout_cave_pods, kennysheep_cross_bottleneck
D:6:      layout_loops_cross
D:7:      layout_loops_cross, lemuel_round_altar, kennysheep_generic_room_7,
          uniq_joseph
D:8:      layout_rooms, slow_altar_2, minitemple, lair_entry_dummy,
          serial_shops, kennysheep_little_box
D:9:      layout_stronghold, ashenzari_conservatory_becter,
          grunt_dithmenos_shadows, uniq_grum, uniq_erica
Temple:   nicolae_temple_no_exploring_needed

Skill      XL: |  1  2  3  4  5  6  7  8  9 10 |
---------------+-------------------------------+-----
Shields        | 3 4 5 6 7 |  7.7
Unarmed Combat | 4 5 6 8 10 11 12 | 12.2
Fighting       | |  2.4
Dodging        | |  2.4
Invocations    | |  0.6

Action                   |  1- 3 |  4- 6 |  7- 9 | 10-12 || total
-------------------------+-------+-------+-------+-------++-------
Melee: Unarmed           |    41 |   209 |   273 |    51 ||   574
Throw: Throwing net      |       |     1 |       |       ||     1
       Boomerang         |       |       |     2 |       ||     2
Invok: Recite            |       |       |     1 |       ||     1
       Vitalisation      |       |       |       |     1 ||     1
Evoke: Wand              |       |       |     2 |       ||     2
  Use: Scroll            |       |     6 |     2 |       ||     8
Armor: Robe              |    14 |    64 |    66 |    13 ||   157
Dodge: Dodged            |    16 |    63 |    58 |    19 ||   156
Block: Kite shield       |    10 |    91 |    93 |    29 ||   223

Table legend: (Time is in decaauts)
 A = Elapsed time spent in this place.
 B = Non-inter-level travel time spent in this place.
 C = Inter-level travel time spent in this place.
 D = Time resting spent in this place.
 E = Time spent auto-exploring this place.
 F = Levels seen in this place.
 G = Mean time per level.
                   A        B        C        D        E       F      G
               +--------+--------+--------+--------+--------+-----+--------+
         Total |   6371 |   6077 |    294 |    293 |   4597 |  10 |  637.1 |
       Dungeon |   6346 |   6064 |    282 |    285 |   4597 |   9 |  705.1 |
        Temple |     24 |     12 |     12 |      8 |      0 |   1 |   24.0 |
               +--------+--------+--------+--------+--------+-----+--------+

Top non-repeatable levels by time:
     D:3: 905 daAuts
     D:5: 829 daAuts
     D:8: 825 daAuts
     D:2: 792 daAuts
     D:4: 790 daAuts
     D:6: 680 daAuts
     D:7: 644 daAuts
     D:1: 451 daAuts
     D:9: 426 daAuts
  Temple: 24 daAuts
